 Dungeon Crawl Stone Soup version 0.20.1-1-g8b1a95d (webtiles) character file.

289 vishdafish the Shield-Bearer (level 6, -1/53 HPs)
             Began as a Minotaur Fighter on July 12, 2017.
             Slain by a killer bee (8 damage)
             ... on level 4 of the Dungeon.
             The game lasted 00:03:18 (2144 turns).

vishdafish the Shield-Bearer (Minotaur Fighter)     Turns: 2144, Time: 00:03:19

Health: -1/53      AC:  8    Str: 21    XL:     6   Next: 9%
Magic:  5/5        EV:  8    Int:  5    God:
Gold:   137        SH: 10    Dex: 11    Spells: 5/5 levels left

rFire    . . .     SeeInvis .   a - +0 trident
rCold    . . .     Gourm    .   c - +0 shield
rNeg     . . .     Faith    .   b - +0 scale mail
rPois    .         Spirit   .   (helmet restricted)
rElec    .         Reflect  .   w - +0 cloak
rCorr    .         Harm     .   (no gloves)
MR       .....                  (no boots)
Stlth    ..........             (no amulet)
Regen    0.2/turn               (no ring)
MPRegen  0.1/turn               (no ring)

@: lethally poisoned (-1 -> -4)
A: retaliatory headbutt, horns 2
a: no special abilities


You were on level 4 of the Dungeon.
You were not hungry.

You visited 1 branch of the dungeon, and saw 4 of its levels.

You collected 137 gold pieces.

Inventory:

Hand Weapons
 a - a +0 trident (weapon)
Armour
 b - a +0 scale mail (worn)
 c - a +0 shield (worn)
 w - a +0 cloak (worn)
Scrolls
 g - 2 scrolls of remove curse {unknown}
 i - a scroll of noise {unknown}
 m - 4 scrolls of identify {unknown}
 o - a scroll of magic mapping {unknown}
 p - 2 scrolls of blinking {unknown}
 q - a scroll of immolation {unknown}
 r - a scroll of fear {unknown}
 t - a scroll of recharging {unknown}
Potions
 d - a potion of might
 e - 3 potions of curing {unknown}
 h - a potion of flight {unknown}
 k - a potion of haste {unknown}
 l - a potion of brilliance {unknown}
 s - a potion of degeneration {unknown}
 u - a potion of lignification {unknown}
 v - a potion of mutation {unknown}
Comestibles
 f - a bread ration
 j - a meat ration
 n - a royal jelly
 x - 2 chunks of flesh


   Skills:
 + Level 4.6 Fighting
 * Level 4.6 Polearms
 + Level 4.8 Armour
 + Level 2.1 Dodging
 + Level 5.0 Shields


You had 5 spell levels left.
You didn't know any spells.

Dungeon Overview and Level Annotations

Branches:
Dungeon (4/15)
 Temple: D:4-7

Altars:
Ashenzari
Gozag
Kikubaaqudgha


Innate Abilities, Weirdness & Mutations

You reflexively headbutt those who attack you in melee.
You have a pair of horns on your head.


Message History

You feel sick. The killer bee stings you.
* * * LOW HITPOINT WARNING * * *
The killer bee stings you.
* * * LOW HITPOINT WARNING * * *
You block the killer bee's attack. x2
You feel sick. You block the killer bee's attack.
The killer bee barely misses you.
The killer bee stings you but does no damage.
Okay, then.
The killer bee stings you but does no damage.
The killer bee barely misses you. You block the killer bee's attack.
The killer bee stings you but does no damage.
You feel sick. The killer bee barely misses you. You furiously retaliate!
You headbutt the killer bee. You block the killer bee's attack.
The killer bee stings you but does no damage.
The killer bee closely misses you. You furiously retaliate!
You headbutt the killer bee.
There is a stone staircase leading up here.
You feel sick. You block the killer bee's attack. The killer bee stings you!
You die...

.........####
............######
............##...##
......$.....##....
..#.........##..# ##
..........J.##..# ...
..........y.....###.#.#
.........yyy...........
.#.......y@.....###.#.#
#.........†....#... #
#.$............#.###.###.
........................
.<....................#
......................#
......................#
....>.................#
...........########


You could see 5 killer bees and an ooze.

Vanquished Creatures
  2 scorpions (D:3)
  A vampire bat (D:3)
  Crazy Yiuf (D:3)
  5 adders
  2 worms
  A leopard gecko (D:1)
  6 orcs
  3 bat skeletons (D:3)
  3 bat zombies (D:3)
  7 giant cockroaches
  4 goblins
  3 hobgoblins
  2 jackals (D:1)
  11 kobolds
  A ball python (D:2)
  6 bats
  4 frilled lizards
  4 rats
66 creatures vanquished.

Notes
Turn   | Place    | Note
-------+----------+-------------------------------------------
     0 | D:1      | vishdafish the Minotaur Fighter began the quest for the Orb.
     0 | D:1      | Reached XP level 1. HP: 19/19 MP: 0/0
   440 | D:1      | Reached XP level 2. HP: 27/27 MP: 1/1
   735 | D:1      | Reached skill level 4 in Shields
   898 | D:2      | Found an opulent altar of Gozag.
  1053 | D:2      | Reached XP level 3. HP: 33/33 MP: 2/2
  1327 | D:2      | Found a shattered altar of Ashenzari.
  1612 | D:3      | Reached XP level 4. HP: 40/40 MP: 3/3
  1627 | D:3      | Found an ancient bone altar of Kikubaaqudgha.
  1635 | D:3      | Reached skill level 1 in Dodging
  1750 | D:3      | Reached XP level 5. HP: 31/46 MP: 4/4
  1941 | D:3      | Found a runed door.
  1945 | D:3      | Noticed Crazy Yiuf
  1950 | D:3      | Killed Crazy Yiuf
  2037 | D:3      | Reached skill level 5 in Shields
  2037 | D:3      | Reached XP level 6. HP: 28/53 MP: 5/5
  2144 | D:4      | Slain by a killer bee

Skill      XL: |  1  2  3  4  5 |
---------------+----------------+-----
Fighting       | 4 |  4.6
Shields        | 4 5 |  5.0
Armour         | 4 |  4.8
Polearms       | 3 4 |  4.6
Dodging        | 1 2 |  2.1

Action                   |  1- 3 |  4- 6 || total
-------------------------+-------+-------++-------
Melee: Trident           |    95 |    98 ||   193
       Headbutt          |     8 |    10 ||    18
  Eat: Chunk             |     2 |     2 ||     4
Armor: Scale mail        |    39 |    55 ||    94
Dodge: Dodged            |    24 |    57 ||    81
Block: Shield            |    37 |    74 ||   111
